Description

Build vs zerg fast

Build Order

Get SALT Encoding   

  14  00:19  Pylon x3  
  16  00:40  Gateway x3  
  16  00:45  Assimilator x3  
  19  01:23  Nexus x3  
  20  01:37  Cybernetics Core x3  
  21  01:45  Assimilator x3  
  22  01:54  Pylon x3  
  26  02:13  Warp Gate x3, Adept x3  
  27  02:33  Stargate x3  
  31  02:38  Adept x3  
  33  02:54  Pylon x3  
  37  03:01  Adept x3  
  43  03:21  Oracle x3  
  44  03:26  Assimilator x6  
Spawning Tool Build Advisor. Get it on Overwolf

Analysis

is very nice for vs zerg

Go to:

Details

  • Created by: ZanderM
  • Published on: Oct 25, 2016
  • Modified on: Oct 25, 2016
  • Patch: Pre-3.8.0
Show
View Real Time Build Order
Export as new Build Order

Comments (0)

There are no comments. Be the first!

Create an account to comment!